 Dungeon Crawl Stone Soup version 0.16-a0-282-ga87e286 (webtiles) character file.

390 Kashira the Archer (level 6, -1/48 HPs)
             Began as a Centaur Hunter on Aug 27, 2014.
             Slain by an orc warrior
             ... wielding a cursed -1 scimitar
              (4 damage)
             ... on Level 4 of the Dungeon.
             The game lasted 00:32:02 (4081 turns).

Kashira the Archer (Centaur Hunter)                 Turns: 4081, Time: 00:32:02

HP  -1/48        AC 10     Str 15      XL: 6   Next: 50%
MP   5/5         EV 10     Int 10      God:
Gold 192         SH  0     Dex 11      Spells:  0 memorised,  5 levels left

rFire  . . .     SeeInvis .     e - +1 flail (protect)
rCold  . . .     Clarity  .     d - +1 leather armour
rNeg   . . .     rCorr    .     (no shield)
rPois  .         rRot     .     (no helmet)
rElec  .         Spirit   .     (no cloak)
SustAb .         Warding  .     (no gloves)
rMut   .         Stasis   .     (no barding)
Gourm  .                        (no amulet)
MR     .....                    (no ring)
                                (no ring)

@: very quick, not resistant to hostile enchantments, very unstealthy
A: hooves 3, deformed body, speed 2, tough skin 3
a: no special abilities


You were on level 4 of the Dungeon.
You were not hungry.

You visited 1 branch of the dungeon, and saw 4 of its levels.

You collected 192 gold pieces.

Inventory:

Hand weapons
 b - a +1 shortbow
 e - a +1 flail of protection (weapon)
 g - a +3 spear
 u - a +0 hunting sling
Missiles
 c - 6 arrows (quivered)
 j - 58 stones
 k - 6 needles of sleeping
 l - 19 sling bullets
 m - 8 javelins
Armour
 d - a +1 leather armour (worn)
Comestibles
 f - 2 bread rations
Scrolls
 i - a scroll of amnesia
 q - a scroll of immolation
Potions
 a - a potion of curing
 o - 3 potions of heal wounds {unknown}
 p - a potion of haste
 r - a potion of poison


   Skills:
 + Level 2.2 Fighting
 + Level 0.3 Maces & Flails
 + Level 0.3 Polearms
 + Level 8.1 Bows
 + Level 1.0 Throwing
 + Level 1.6 Armour
 + Level 2.6 Dodging
 + Level 0.6 Stealth


You had 5 spell levels left.
You didn't know any spells.

Dungeon Overview and Level Annotations

Branches:
Dungeon (4/15)
 Temple: D:4-7

Altars:
Elyvilon
Yredelemnul

Annotations:
D:4 Charly's ghost, average DrFE


Innate Abilities, Weirdness & Mutations

You have hooves in place of feet.
Armour fits poorly on your strangely shaped body.
You cover ground very quickly.
You have extremely tough skin (AC +3).


Message History

Are you sure you want to cancel this blink? [Y]es or [N]o only, please.
Are you sure you want to cancel this blink?
Blink to where?
Press: ? - help, Dir - move target cursor You can't see that place.
Are you sure you want to cancel this blink?
Okay, then.
It was a scroll of blinking.
Read which item? (? for menu, Esc to quit)
As you read the scroll labeled SKI NEAVUOZU, it crumbles to dust.
You feel blessed for a moment.
It was a scroll of remove curse.
The orc warrior closely misses you.
You hit the orc warrior but do no damage.
The orc warrior is lightly wounded.
The orc warrior hits you with a scimitar!
* * * LOW HITPOINT WARNING * * *
It has a very clean taste.
It was a potion of cure mutation.
The orc warrior hits you with a scimitar.
You die...

.......# #...# #...## #.#
......## #..... ##...###..#
.......## ##......# ##.......#
........#####........ #.......##
.#........##...##########.......#
##...###......# ## ##..#...#####
##..## #......###.#.##.....##
#...# #......##^..^##.....##
#..## #......oo@^^_##..##..##
...# #......##...^##.####..##
...# ##...######^#^#### ##..##
...# #.)....### ## # ###..# ...#
##........###### ###.).##
...###.....)........# ##...###
.....o.....%........####...##
......#...######.........###
.#######..# ###......##


You could see an orc warrior and an orc.

Vanquished Creatures
  An ogre (D:4)
  An iguana (D:4)
  2 hounds
  2 orc wizards (D:3)
  A worker ant (D:3)
  4 gnolls (D:3)
  An adder (D:3)
  3 worms
  3 giant geckos
  2 oozes
  7 orcs
  5 bats
  2 giant cockroaches
  8 hobgoblins
  10 kobolds
  A quokka (D:3)
  7 giant newts
  11 goblins
  A kobold skeleton (D:4)
  7 rats
  A spectral orc (D:4)
80 creatures vanquished.

Notes
Turn   | Place    | Note
--------------------------------------------------------------
     0 | D:1      | Kashira, the Centaur Hunter, began the quest for the Orb.
     0 | D:1      | Reached XP level 1. HP: 16/16 MP: 1/1
   165 | D:1      | Reached XP level 2. HP: 23/23 MP: 2/2
   301 | D:1      | Reached skill level 6 in Bows
   842 | D:2      | Reached XP level 3. HP: 28/28 MP: 3/3
  1151 | D:2      | You fall through a shaft!
  1425 | D:3      | Reached skill level 7 in Bows
  1425 | D:3      | Reached XP level 4. HP: 13/35 MP: 3/3
  2224 | D:3      | Reached skill level 1 in Armour
  2224 | D:3      | Reached XP level 5. HP: 15/41 MP: 4/4
  2750 | D:4      | Noticed an ogre
  2754 | D:4      | Noticed Charly's ghost (average DrFE)
  3493 | D:4      | Found a white marble altar of Elyvilon.
  3501 | D:4      | HP: 2/41 [ogre/giant club (24)]
  3536 | D:4      | Killed an ogre
  3536 | D:4      | Reached skill level 8 in Bows
  3536 | D:4      | Reached skill level 1 in Throwing
  3536 | D:4      | Reached XP level 6. HP: 7/48 MP: 5/5
  3924 | D:4      | Found a basalt altar of Yredelemnul.
  4012 | D:4      | Noticed an orc warrior
  4081 | D:4      | Slain by an orc warrior

Action                   |  1- 3 |  4- 6 || total
-------------------------+-------+-------++-------
Melee: Shortbow          |    30 |       ||    30
       Spear             |     8 |    54 ||    62
       Flail             |       |    77 ||    77
 Fire: Shortbow          |   115 |    44 ||   159
Throw: Stone             |     5 |     5 ||    10
  Use: Scroll            |     5 |     8 ||    13
       Potion            |     1 |     4 ||     5
  Eat: Chunk             |       |     4 ||     4
       Meat ration       |       |     1 ||     1
